 Dungeon Crawl Stone Soup version 0.19.0-24-gb05acd6 (webtiles) character file.

160 Edgeworth the Gusty (level 5, -11/21 HPs)
             Began as a Felid Air Elementalist on Nov 21, 2016.
             Mangled by a wyvern skeleton (12 damage)
             ... on level 6 of the Dungeon.
             The game lasted 00:25:12 (3914 turns).

Edgeworth the Gusty (Felid Air Elementalist)        Turns: 3914, Time: 00:25:13

Health: -11/21     AC:  2    Str:  4    XL:     5   Next: 17%
Magic:  11/20      EV: 19    Int: 19    God:
Gold:   215        SH:  0    Dex: 16    Spells: 3 memorised, 3 levels left
                                        Lives:  0   Deaths: 1

rFire  . . .     SeeInvis +     (weapon unavailable)
rCold  . . .     Gourm    .     (armour unavailable)
rNeg   . . .     Faith    .     (shield unavailable)
rPois  .         Spirit   .     (helmet unavailable)
rElec  .         Reflect  .     (cloak unavailable)
rCorr  .         Harm     .     (gloves unavailable)
MR     .....                    (boots unavailable)
Stlth  +++.......               (no amulet)
                                (no ring)
                                o - ring of magical power

@: very slightly contaminated, quick
A: no armour, no weapons or thrown items, stealth, claws 1, fangs 3, see
invisible, carnivore 3, speed 1, shaggy fur 2, slow metabolism 1, sharp paws
a: no special abilities


You were on level 6 of the Dungeon.
You were not hungry.

You visited 1 branch of the dungeon, and saw 6 of its levels.

You collected 215 gold pieces.

Inventory:

Jewellery
 o - a ring of magical power (left paw)
Scrolls
 c - a scroll of blinking {unknown}
 e - a scroll of random uselessness
 f - a scroll of identify
 h - a scroll of immolation {unknown}
 j - a scroll of remove curse
 k - a scroll of amnesia {unknown}
 l - a scroll of enchant armour {unknown}
Potions
 d - 2 potions of lignification {unknown}
 g - a potion of invisibility
 i - a potion of curing
Books
 a - a book of Air

   Spells                             Type                      Level
   a - Shock                          Conjuration/Air              1
   b - Swiftness                      Charms/Air                   2
   c - Repel Missiles                 Charms/Air                   2
   d - Static Discharge               Conjuration/Air              3
   e - Lightning Bolt                 Conjuration/Air              5
Comestibles
 b - 2 meat rations
 m - a royal jelly
 n - a beef jerky


   Skills:
 + Level 3.6 Dodging
 + Level 3.3 Stealth
 + Level 3.7 Spellcasting
 + Level 2.6 Conjurations
 + Level 4.1 Air Magic


You had 3 spell levels left.
You knew the following spells:

 Your Spells              Type           Power        Failure   Level  Hunger
a - Shock                 Conj/Air       ###.         4%          1    None
b - Swiftness             Chrm/Air       ##......     10%         2    ##.....
c - Lightning Bolt        Conj/Air       ###.......   91%         5    ######.


Dungeon Overview and Level Annotations

Branches:
Dungeon (6/15)
 Temple: D:4-7

Altars:
Ashenzari
Ru
Zin

Annotations:
D:6 gitgud34's ghost, novice MiFi


Innate Abilities, Weirdness & Mutations

You cannot wear armour.
You are incapable of wielding weapons or throwing items.
Your paws allow you to move quietly. (Stealth)
You have sharp claws.
You have razor-sharp teeth.
You have supernaturally acute eyesight. (SInv)
You are carnivorous and can eat meat at any time.
You cover ground quickly.
You are covered in thick fur. (AC +2)
You have a slow metabolism.
Your sharp claws are effective at attacking unaware monsters.


Message History

The wyvern skeleton bites you.
* * * LOW HITPOINT WARNING * * *
Casting: Shock
Confirm with . or Enter, or press ? or * to list all spells.
Aiming: Shock
Press: ? - help, Shift-Dir - straight line, f/p - wyvern skeleton
Aim: a wyvern skeleton (severely damaged)
The zap hits the wyvern skeleton.
The wyvern skeleton is almost destroyed.
The wyvern skeleton misses you.
Casting: Shock
Confirm with . or Enter, or press ? or * to list all spells.
Aiming: Shock
Press: ? - help, Shift-Dir - straight line, f/p - wyvern skeleton
Aim: a wyvern skeleton (almost destroyed)
The zap hits the wyvern skeleton.
The wyvern skeleton is almost destroyed.
The wyvern skeleton bites you!
Ouch! That really hurt!
You die...

.## (.# #.# #.# +# # #.#
.# ###.###.# .#
.#.......# ##.##
......Z@.#######...#####
##.#.###.#..............
#.......#####...#####
#####.### ##.## #.# ##
#.# ..# ###


You could see a wyvern skeleton.

Vanquished Creatures
  The ghost of Edgeworth the Skirmisher, an amateur DsAK of Lugonu (D:3)
  An orc wizard (D:4)
  Ijyb (D:2)
  9 adders
  A worm (D:3)
  4 dart slugs
  2 leopard geckos
  7 orcs
  7 giant cockroaches
  7 goblins
  7 hobgoblins
  4 jackals (D:4)
  8 kobolds
  2 quokkas
  9 bats
  4 frilled lizards
  9 rats
83 creatures vanquished.

Notes
Turn   | Place    | Note
-------+----------+-------------------------------------------
     0 | D:1      | Edgeworth the Felid Air Elementalist began the quest for the Orb.
     0 | D:1      | Reached XP level 1. HP: 7/7 MP: 4/4
   403 | D:1      | Reached skill level 3 in Air Magic
   475 | D:1      | Reached XP level 2. HP: 11/11 MP: 1/6
   884 | D:1      | Reached skill level 1 in Conjurations
  1135 | D:1      | Reached XP level 3. HP: 14/14 MP: 4/7
  1153 | D:1      | Learned a level 2 spell: Swiftness
  1808 | D:2      | Noticed Ijyb
  1996 | D:2      | Killed Ijyb
  1996 | D:2      | Reached XP level 4. HP: 10/18 MP: 1/9
  2328 | D:2      | Found a shattered altar of Ashenzari.
  2543 | D:3      | Noticed Edgeworth's ghost (amateur DsAK)
  2576 | D:3      | Killed Edgeworth's ghost
  2576 | D:3      | Reached skill level 4 in Air Magic
  2576 | D:3      | Reached XP level 5. HP: 21/21 MP: 7/10
  2583 | D:3      | Learned a level 5 spell: Lightning Bolt
  3007 | D:3      | Noticed a sky beast
  3235 | D:3      | Gained mutation: You are covered in thick fur. (AC +2) [Felid growth]
  3235 | D:3      | Reached XP level 6. HP: 22/24 MP: 7/12
  3656 | D:5      | Entered Level 5 of the Dungeon
  3686 | D:5      | Found a glowing silver altar of Zin.
  3849 | D:6      | Found a sacrificial altar of Ru.
  3857 | D:6      | Noticed gitgud34's ghost (novice MiFi)
  3891 | D:6      | Slain by gitgud34's ghost
  3892 | D:6      | Reached XP level 5. HP: -1/21 MP: 20/20
  3912 | D:6      | HP: 1/21 [wyvern skeleton (4)]
  3914 | D:6      | Mangled by a wyvern skeleton

Skill      XL: |  1  2  3  4 |
---------------+-------------+-----
Air Magic      | 3 4 |  4.1
Dodging        | 3 |  3.6
Conjurations   | 1 2 |  2.6
Stealth        | 3 |  3.3
Spellcasting   | 3 |  3.7

Action                   |  1- 3 |  4- 6 || total
-------------------------+-------+-------++-------
Melee: Unarmed           |    13 |     1 ||    14
 Cast: Shock             |    99 |   134 ||   233
       Swiftness         |       |     2 ||     2
       Lightning Bolt    |       |     1 ||     1
  Use: Scroll            |     2 |     2 ||     4
       Potion            |     1 |     4 ||     5
  Eat: Meat ration       |     1 |       ||     1
       Chunk             |     1 |       ||     1
Armor: Skin              |     3 |     4 ||     7
Dodge: Dodged            |    54 |    64 ||   118
